 Dungeon Sprint DCSS version 0.30-a0-799-g109b55a442 (webtiles) character file.

Game seed: 12361692615138589257

95 BigDaddyOpFi the Trooper (level 4, -10/45 HPs)
             Began as a Hill Orc Fighter on Feb 20, 2023.
             Killed from afar by an oklob sapling priest (21 damage)
             ... with a splash of acid
             ... in the Dungeon (Sprint IV: "Fedhas' Mad Dash").
             The game lasted 00:00:35 (199 turns).

BigDaddyOpFi the Trooper (Hill Orc Fighter)          Turns: 199, Time: 00:00:35

Health: -10/45     AC:  0    Str: 20    XL:     4   Next: 66%
Magic:  4/4        EV:  9    Int:  8    God:
Gold:   51         SH:  5    Dex: 10    Spells: 3/3 levels left

rFire   . . .      SeeInvis .    a - +0 war axe
rCold   . . .      Faith    .    c - +0 buckler
rNeg    . . .      Spirit   .    b - +0 scale mail
rPois   .          Reflect  .    (no helmet)
rElec   .          Harm     .    (no cloak)
rCorr   .          Rampage  .    (no gloves)
Will    .....      NoTele   +    (no boots) Stlth
                                 l - amulet of invisibility {+Inv}
HPRegen 0.27/turn                (no ring)
MPRegen 0.09/turn                (no ring)

@: corroded, very slightly contaminated, invisible
A: no striking features
a: Evoke Invisibility


You were in the Dungeon.
You visited 1 branch You collected 51 gold pieces.

Inventory:

Hand Weapons
 a - a +0 war axe (weapon)
Armour
 b - a +0 scale mail (worn)
 c - a +0 buckler (worn)
Jewellery
 l - the amulet of invisibility (around neck) {+Inv}
   (You found it in the Dungeon)

   [amulet of nothing]

   +Inv:      It lets you turn invisible.
Scrolls
 j - a scroll of blinking
 k - a scroll of brand weapon {unknown}
Potions
 d - a potion of might
 e - a potion of curing
 g - a potion of haste
 h - 2 potions of magic
 i - a potion of berserk rage


   Skills:
 + Level 6.3 Fighting
 + Level 6.3 Axes
 + Level 5.8 Armour
 + Level 5.8 Shields


You had 3 spell levels left.
You didn't know any spells.
Your spell library was empty.

Dungeon Overview and Level Annotations

Branches:
Dungeon (1/1)

Altars:
Cheibriados
Dithmenos
Elyvilon
Gozag
Hepliaklqana
Kikubaaqudgha
Makhleb
Nemelex Xobeh
Okawaru
Qazlal
Ru
Sif Muna
Trog
Uskayaw
Vehumet
Wu Jian
Xom
Yredelemnul
Zin
The Shining One
Beogh
Jiyva
Lugonu

Annotations:
D exclusion: oklob sapling


Message History

The oklob sapling priest spits acid at you.
The splash of acid hits you!! The acid corrodes you!
You hit the oklob sapling priest.
The oklob sapling priest is lightly damaged.
You hit the oklob sapling priest.
The oklob sapling priest is moderately damaged.
You catch the helpless oklob sapling priest completely off-guard!
You hit the oklob sapling priest but do no damage.
The oklob sapling priest is moderately damaged.
You hit the oklob sapling priest.
The oklob sapling priest is heavily damaged.
You flicker back into view.
You hit the oklob sapling priest but do no damage.
The oklob sapling priest is heavily damaged.
Okay, then.
You fail to use your ability.
You fade into invisibility!
The oklob sapling priest miscasts a cantrip.
You catch the helpless oklob sapling priest completely off-guard!
You hit the oklob sapling priest.
The oklob sapling priest is heavily damaged.
You hit the oklob sapling priest.
The oklob sapling priest is heavily damaged.
The oklob sapling priest spits acid at you.
The splash of acid hits you!!
* * * LOW HITPOINT WARNING * * *
The acid corrodes you!
There is a bloodstained altar of Trog here.
You feel much better.
You hit the oklob sapling priest.
The oklob sapling priest is severely damaged.
The oklob sapling priest spits acid at you.
The splash of acid hits you!!
Ouch! That really hurt!
* * * LOW HITPOINT WARNING * * *
You hit the oklob sapling priest but do no damage.
The oklob sapling priest is severely damaged.
The oklob sapling priest spits acid at you.
The splash of acid hits you!!
You die...

########################
...#.....#.⌠._._._._.⌠.#
...'.#.(.'.._._._._._..+
...#.#...#..._._P_._...#
#######+##.._._.@._._..#
#._._._._._.⌠.#
###############


You could see an oklob sapling priest (unable to see you).

Vanquished Creatures
  A scorpion (D)
  An oklob sapling (D)
  A river rat (D)
  A rat (D)
4 creatures vanquished.

Vanquished Creatures (others)
  3 fungi (D)
3 creatures vanquished.

Grand Total: 7 creatures vanquished

Notes
Turn   | Place    | Note
-------+----------+-------------------------------------------
     0 | D        | BigDaddyOpFi the Hill Orc Fighter began the quest for the
                  | Orb.
     0 | D        | Reached XP level 1. HP: 19/19 MP: 1/1
    10 | D        | Reached XP level 2. HP: 15/28 MP: 2/2
   144 | D        | Noticed an oklob sapling
   146 | D        | Killed an oklob sapling
   147 | D        | Reached skill level 5 in Fighting
   147 | D        | Reached XP level 3. HP: 36/36 MP: 3/3
   149 | D        | Noticed a scorpion
   149 | D        | Found the amulet of invisibility {+Inv}
   154 | D        | Killed a scorpion
   155 | D        | Reached skill level 5 in Armour
   155 | D        | Reached skill level 5 in Shields
   155 | D        | Reached XP level 4. HP: 43/45 MP: 4/4
   178 | D        | Found an opulent altar of Gozag.
   178 | D        | Found a hazy altar of Hepliaklqana.
   178 | D        | Found a burning altar of Makhleb.
   178 | D        | Found a roughly hewn altar of Beogh.
   178 | D        | Found a sparkling altar of Nemelex Xobeh.
   178 | D        | Found a snail-covered altar of Cheibriados.
   178 | D        | Found a sacrificial altar of Ru.
   178 | D        | Found a shimmering blue altar of Sif Muna.
   178 | D        | Found a shimmering altar of Xom.
   178 | D        | Found a basalt altar of Yredelemnul.
   179 | D        | Found a viscous altar of Jiyva.
   179 | D        | Found a bloodstained altar of Trog.
   179 | D        | Found an ornate altar of the Wu Jian Council.
   179 | D        | Noticed an oklob sapling priest
   180 | D        | Found an iron altar of Okawaru.
   180 | D        | Found a shadowy altar of Dithmenos.
   180 | D        | Found a glowing silver altar of Zin.
   181 | D        | Found an ancient bone altar of Kikubaaqudgha.
   181 | D        | Found a hide-covered altar of Uskayaw.
   182 | D        | Found a stormy altar of Qazlal.
   182 | D        | Found a glowing golden altar of the Shining One.
   182 | D        | Found a white marble altar of Elyvilon.
   183 | D        | Found a radiant altar of Vehumet.
   183 | D        | Found a corrupted altar of Lugonu.
   199 | D        | Killed from afar by an oklob sapling priest

Illustrated notes

Levels and vault maps discovered:
D:        dungeon_sprint_fedhas [sprint_temple]

Skill      XL: |  1  2  3 |
---------------+----------+-----
Fighting       | 4 5 6 |  6.3
Axes           | 3 4 6 |  6.3
Armour         | 4 5 |  5.8
Shields        | 4 5 |  5.8

Action                     |  1- 3 |  4- 6 || total
---------------------------+-------+-------++-------
  Melee: War axe           |    11 |    10 ||    21
Ability: Evoke Invisibilit |       |     2 ||     2
    Use: Potion            |       |     1 ||     1
   Stab: Invisible         |       |     2 ||     2
 Armour: Scale mail        |     3 |       ||     3
  Dodge: Dodged            |     4 |       ||     4
  Block: Buckler           |     3 |       ||     3

Table legend: (Time is in decaauts)
 A = Elapsed time spent in this place.
 B = Non-inter-level travel time spent in this place.
 C = Inter-level travel time spent in this place.
 D = Time resting spent in this place.
 E = Time spent auto-exploring this place.
 F = Levels seen in this place.
 G = Mean time per level.
                   A        B        C        D        E       F      G
               +--------+--------+--------+--------+--------+-----+--------+
         Total |    204 |    204 |      0 |    127 |      0 |   1 |  204.0 |
       Dungeon |    204 |    204 |      0 |    127 |      0 |   1 |  204.0 |
               +--------+--------+--------+--------+--------+-----+--------+

Top non-repeatable levels by time:
       D: 204 daAuts
